[Event "Team 45 45 League T73"]
[Site "Internet Chess Club"]
[Date "2017.06.14"]
[Round "1"]
[White "GrandUnified"]
[Black "justice02"]
[Result "0-1"]
[WhiteElo "1567"]
[BlackElo "1647"]
[Opening "QGD Slav: 3.Nf3"]
[ECO "D11"]
[Time "20:01:37"]
[TimeControl "2700+45"]

1. Nf3 d5 2. d4 c6 3. c4 a6 4. Nc3 Nf6 5. g3 Nbd7 6. Bg2 dxc4 7. a4 Qa5 8. Bd2
Qb6 9. O-O Qxb2 10. e4 Qb6 11. Qe2 e6 12. Qxc4 Be7 13. a5 Qd8 14. Rfd1 O-O 15.
h3 h6 16. Kh2 g5 17. g4 Qc7+ 18. e5 Nd5 19. Rdc1 Nxc3 20. Rxc3 Qd8 21. Ne1 Nxe5
22. Qb3 Qxd4 23. Be3 Qb4 24. Qc2 Qd6 25. Kg1 Qc7 26. Bb6 Qd7 27. Rd1 Qe8 28. Re3
Nd7 29. Bc7 Nf6 30. f4 Nd5 31. Bxd5 cxd5 32. Be5 Qb5 33. Nf3 Qxa5 34. fxg5 hxg5
35. Bc7 Qc5 36. Qe2 Qxc7 37. Kg2 Bd7 38. Ne5 Bb5 39. Qe1 Rac8 40. h4 gxh4 41.
Qf2 Qc2 42. Rd2 Qb1 43. Re1 Qh7 44. Kh3 Rc3+ 45. Nf3 Bd6 46. Kg2 Bg3 47. Qd4
Rfc8 48. Rh1 R3c4 49. Qf6 Rxg4 50. Kh3 Rf4 51. Qg5+ Qg6 {White resigns} 0-1

[Event "Team 45 45 League T73"]
[Site "Internet Chess Club"]
[Date "2017.06.18"]
[Round "1"]
[White "GoIrish"]
[Black "servantofyhwh28"]
[Result "0-1"]
[WhiteElo "1538"]
[BlackElo "1571"]
[Opening "Réti: King's Indian attack (Barcza system)"]
[ECO "A07"]
[Time "07:00:49"]
[TimeControl "2700+45"]

1. Nf3 d5 2. g3 Nf6 3. Bg2 c5 4. O-O Nc6 5. d3 e5 6. e4 d4 7. Nbd2 Be7 8. Nc4
Qc7 9. a4 O-O 10. Nh4 g6 11. f4 Bg4 12. Nf3 Nd7 13. h3 Bxf3 14. Qxf3 a6 15. f5
b5 16. Na3 Rab8 17. Bh6 bxa4 18. Bxf8 Rxf8 19. Nc4 Nb6 20. f6 Bd6 21. Qg4 Nxc4
22. dxc4 Rb8 23. Rxa4 Rxb2 24. Rxa6 Rxc2 25. Ra8+ Nb8 26. Rb1 Qd8 27. Qd1 Rxc4
28. Rbxb8 Bxb8 29. Bf1 Rb4 30. Qd2 Qxf6 31. Qc2 Qf3 32. Qxc5 Qxg3+ 33. Kh1 Rb2
{White resigns} 0-1

[Event "Team 45 45 League T73"]
[Site "Internet Chess Club"]
[Date "2017.06.16"]
[Round "1"]
[White "kanishka"]
[Black "bmw2002"]
[Result "0-1"]
[WhiteElo "1620"]
[BlackElo "1514"]
[Opening "Caro-Kann: exchange variation"]
[ECO "B13"]
[Time "06:09:07"]
[TimeControl "2700+45"]

1. e4 c6 2. d4 d5 3. exd5 cxd5 4. Bd3 Nc6 5. c3 Nf6 6. h3 g6 7. Bf4 Bg7 8. Nd2
O-O 9. Qf3 Nh5 10. Bh2 e5 11. g4 e4 12. Nxe4 dxe4 13. Bxe4 Nf6 14. Bxc6 bxc6 15.
Qxc6 Qe8+ 16. Qxe8 Rxe8+ 17. Kf1 Bb7 18. f3 Re3 19. Bf4 Bxf3 20. Rh2 Rd3 21. Re1
Re8 22. Rf2 Rxe1+ 23. Kxe1 Rd1# {White checkmated} 0-1

[Event "Team 45 45 League T73"]
[Site "Internet Chess Club"]
[Date "2017.06.17"]
[Round "1"]
[White "Fianchettoed"]
[Black "cadmiumorange"]
[Result "0-1"]
[WhiteElo "1774"]
[BlackElo "1811"]
[Opening "Modern defense"]
[ECO "A40"]
[Time "12:09:39"]
[TimeControl "2700+45"]

1. d4 g6 2. c4 Bg7 3. Nf3 d6 4. g3 Nf6 5. Bg2 O-O 6. O-O Nc6 7. d5 Na5 8. Nfd2
c5 9. Nc3 a6 10. Qc2 Rb8 11. a4 Bd7 12. b3 b5 13. axb5 axb5 14. cxb5 e6 15. Nc4
Nb7 16. Ra7 e5 17. e4 Nh5 18. Bd2 f5 19. Rfa1 f4 20. R1a6 fxg3 21. hxg3 Bg4 22.
Qd3 Qf6 23. Be1 Bh6 24. Rb6 Bc8 25. Na5 Nxa5 26. Rxb8 Nxb3 27. Raa8 Bd7 28.
Rxf8+ Bxf8 29. b6 c4 30. Qxc4 Nc5 31. b7 Nxb7 32. Qc7 Nc5 33. Bd2 Ng7 34. Be3
Ne8 35. Qa7 Qe7 36. Bxc5 dxc5 37. Rb8 c4 38. Rb7 Qg5 39. Rxd7 Qc1+ 40. Kh2 Qxc3
41. Qa8 Nf6 42. Rd8 Ng4+ 43. Kg1 Qe1+ {White resigns} 0-1

[Event "Team 45 45 League T73"]
[Site "Internet Chess Club"]
[Date "2017.06.19"]
[Round "1"]
[White "PolishRyszard"]
[Black "bradleyguo175"]
[Result "1-0"]
[WhiteElo "1787"]
[BlackElo "1646"]
[Opening "King's Indian: Four pawns attack, Florentine gambit"]
[ECO "E76"]
[Time "16:08:22"]
[TimeControl "2700+45"]

1. d4 Nf6 2. c4 g6 3. Nc3 Bg7 4. e4 d6 5. f4 O-O 6. Nf3 c5 7. d5 e6 8. Be2 exd5
9. e5 Ne4 10. Nxd5 Nc6 11. Bd3 f5 12. exf6 Nxf6 13. O-O Nxd5 14. cxd5 Nb4 15.
Bc4 Bf5 16. Ng5 Qb6 17. Ne6 Rfe8 18. Nxg7 Kxg7 19. b3 Nc2 20. Bb2+ Kg8 21. Rc1
Ne3 22. Qd2 Nxf1 23. Qc3 Re7 24. Re1 Qc7 25. Qh8+ Kf7 26. Qg7+ Ke8 27. Bb5+
{Black resigns} 1-0

[Event "Team 45 45 League T73"]
[Site "Internet Chess Club"]
[Date "2017.06.19"]
[Round "1"]
[White "pokerram"]
[Black "liujf"]
[Result "0-1"]
[WhiteElo "1590"]
[BlackElo "1630"]
[Opening "Sicilian: accelerated fianchetto, Breyer variation"]
[ECO "B39"]
[Time "17:30:35"]
[TimeControl "2700+45"]

1. Nf3 Nf6 2. c4 g6 3. Nc3 Bg7 4. e4 c5 5. d4 cxd4 6. Nxd4 Nc6 7. Be3 Ng4 8.
Nxc6 Nxe3 9. Nxd8 Nxd1 10. Rxd1 Kxd8 11. Bd3 Bxc3+ 12. bxc3 b6 13. f4 Bb7 14.
O-O Rc8 15. Rf2 Rc5 16. Rfd2 f6 17. Kf2 Kc7 18. g3 g5 19. f5 h5 20. Ke3 h4 21.
g4 h3 22. Be2 Bc6 23. Rd4 Re8 24. Bf1 Re5 25. Kf3 e6 26. fxe6 dxe6 27. Bxh3 Rh8
28. Kg3 Rxe4 29. Rxe4 Bxe4 30. Re1 f5 31. gxf5 exf5 32. Bg2 Bxg2 33. Kxg2 Kd6
34. Rd1+ Ke6 35. Re1+ Kf6 36. Rd1 Re8 37. Rd7 Re2+ 38. Kg3 Rxa2 39. Rd6+ Ke5 40.
Rd5+ Ke4 41. h4 f4+ 42. Kg4 Rg2+ 43. Kh5 f3 44. Rd7 f2 45. Rf7 g4 46. Kg5 g3 47.
Kg4 Rg1 {White resigns} 0-1

[Event "Team 45 45 League T73"]
[Site "Internet Chess Club"]
[Date "2017.06.19"]
[Round "1"]
[White "Xbug"]
[Black "anishio"]
[Result "0-1"]
[WhiteElo "1150"]
[BlackElo "1583"]
[Opening "Grünfeld with Bf4 & e3"]
[ECO "D93"]
[Time "14:04:00"]
[TimeControl "2700+45"]

1. d4 Nf6 2. c4 g6 3. Nc3 d5 4. Nf3 Bg7 5. Bf4 O-O 6. e3 c5 7. dxc5 dxc4 8. Bxc4
Qa5 9. O-O Qxc5 10. Qb3 Nc6 11. Be2 b6 12. Rfd1 Be6 13. Qc2 Nd5 14. Rac1 Nxf4
15. exf4 Nd4 16. Qd3 Nxe2+ 17. Qxe2 Rac8 18. Na4 Qxc1 19. Rxc1 Rxc1+ 20. Ne1 Rd8
21. g3 Rdd1 22. Kg2 Rxe1 23. Qd2 Rcd1 24. Qc2 Rg1+ 25. Kf3 Bd5+ 26. Ke2 Rge1#
{White checkmated} 0-1

[Event "Team 45 45 League T73"]
[Site "Internet Chess Club"]
[Date "2017.06.18"]
[Round "1"]
[White "bobhill"]
[Black "zap2"]
[Result "1/2-1/2"]
[WhiteElo "1817"]
[BlackElo "1667"]
[Opening "Queen's pawn: Torre attack"]
[ECO "A46"]
[Time "15:03:23"]
[TimeControl "2700+45"]

1. d4 Nf6 2. Nf3 e6 3. Bg5 d5 4. e3 h6 5. Bh4 c6 6. Bd3 Bd6 7. Nbd2 O-O 8. O-O
Nbd7 9. c4 Be7 10. Rc1 Ne8 11. Bxe7 Qxe7 12. Re1 f5 13. Ne5 Qf6 14. f4 Nd6 15.
b4 Ne4 16. b5 cxb5 17. cxb5 Nxe5 18. dxe5 Qh4 19. Rf1 b6 20. Nf3 Qe7 21. Bxe4
dxe4 22. Nd4 Bb7 23. g4 g6 24. Kh1 Kh7 25. Rg1 Bd5 26. Rg2 Rac8 27. Rgc2 Qd7 28.
gxf5 gxf5 29. Qh5 Rxc2 30. Rxc2 Rc8 31. Rxc8 Qxc8 32. Qf7+ Kh8 33. Nxf5 Qc1+ 34.
Kg2 Qd2+ 35. Kh3 exf5 36. Qf8+ Kh7 37. Qxf5+ Kh8 38. Qf6+ Kh7 39. Qe7+ Kh8 40.
Qf8+ Kh7 41. Qe7+ Kh8 42. Qa3 Be6+ 43. Kg3 Qe1+ 44. Kg2 Qe2+ 45. Kg1 Qe1+ 46.
Kg2 Qe2+ 47. Kg1 Qe1+ 48. Kg2 Qe2+ 49. Kg1 Qe1+ 50. Kg2 Qe2+ 51. Kg1 {Game drawn
by repetition} 1/2-1/2

[Event "Team 45 45 League T73"]
[Site "Internet Chess Club"]
[Date "2017.06.19"]
[Round "1"]
[White "idjit"]
[Black "parrot9"]
[Result "1-0"]
[WhiteElo "1643"]
[BlackElo "1681"]
[Opening "Sicilian: closed"]
[ECO "B23"]
[Time "10:52:03"]
[TimeControl "2700+45"]

1. e4 c5 2. Nc3 e6 3. f4 Nc6 4. Nf3 Nf6 5. Bb5 Qc7 6. d3 Be7 7. O-O O-O 8. Qe1
a6 9. Bxc6 Qxc6 10. Qh4 Re8 11. Ng5 h6 12. Rf3 d5 13. e5 Nh7 14. Qh5 Rf8 15. Rg3
f6 16. Nxh7 Kxh7 17. Qg6+ {Black resigns} 1-0

[Event "Team 45 45 League T73"]
[Site "Internet Chess Club"]
[Date "2017.06.19"]
[Round "1"]
[White "Gojira"]
[Black "watkins"]
[Result "0-1"]
[WhiteElo "1577"]
[BlackElo "1502"]
[Opening "Mieses opening"]
[ECO "A00"]
[Time "13:01:06"]
[TimeControl "2700+45"]

1. d3 Nf6 2. d4 e6 3. Bf4 c5 4. c3 cxd4 5. cxd4 d5 6. Qb3 Nc6 7. a3 Nxd4 8. Qa4+
Nc6 9. e3 Bd7 10. Qb5 Qa5+ 11. Nc3 Qxb5 12. Bxb5 a6 13. Be2 Be7 14. Nf3 O-O 15.
Na4 b5 16. Nb6 Ra7 17. Rc1 Na5 18. Ne5 Nc4 19. Nbxd7 Nxd7 20. Nc6 Bc5 21. Nxa7
Bxa7 22. b3 Ncb6 23. O-O Nf6 24. Rc6 Nbd7 25. Rb6 Bxb6 {White resigns} 0-1

[Event "Team 45 45 League T73"]
[Site "Internet Chess Club"]
[Date "2017.06.17"]
[Round "1"]
[White "sdcohle"]
[Black "crazyhorses"]
[Result "1-0"]
[WhiteElo "1447"]
[BlackElo "1340"]
[Opening "Neo-Indian (Seirawan) attack"]
[ECO "E00"]
[Time "16:01:08"]
[TimeControl "2700+45"]

1. d4 e6 2. c4 Nf6 3. Bg5 h6 4. Bh4 Bb4+ 5. Nd2 c5 6. e3 Nc6 7. dxc5 Bxc5 8.
Ngf3 b6 9. Be2 Bb7 10. O-O Be7 11. a3 O-O 12. Qc2 Rc8 13. Rad1 d5 14. Nb3 Qe8
15. Qd2 Ne4 16. Qd3 Bxh4 17. Nxh4 dxc4 18. Qxc4 Na5 19. Qb4 Nxb3 20. Qxb3 Nc5
21. Qc2 Qe7 22. Nf3 a5 23. Nd4 Rfd8 24. Bf3 Bxf3 25. Nxf3 Rxd1 26. Rxd1 Rd8 27.
Nd4 Qd6 28. Rd2 e5 29. Nf3 Qe7 30. Rxd8+ Qxd8 31. Nxe5 Qd5 32. Nf3 a4 33. Nd4
Nb3 34. Qc8+ Kh7 35. Qf5+ Qxf5 36. Nxf5 Nc5 37. Nd4 Nd3 38. b3 axb3 39. Nxb3 Kg6
40. Kf1 Kf6 41. Ke2 Nb2 42. f4 Kf5 43. Nd4+ Ke4 44. h4 Nc4 45. Nc2 f5 46. h5 b5
47. g3 Kd5 48. Kd3 Nd6 49. Nd4 Kc5 50. Ne6+ Kd5 51. Nxg7 Nc4 52. Nxf5 Nxa3 53.
Nd4 b4 54. e4+ Kd6 55. e5+ Kd5 56. e6 b3 57. Nxb3 Kxe6 58. Nd4+ Kf6 59. Ke4 Nc4
60. g4 Nd6+ 61. Kd5 Nf7 62. Ne6 Ke7 63. f5 Kf6 64. Ke4 Ke7 65. Kf4 Kf6 66. Nd4
Ne5 67. Nf3 Nf7 68. Nd2 Ng5 69. Ne4+ Nxe4 70. Kxe4 Ke7 71. Ke5 Ke8 72. f6 Kf7
73. Kf5 Ke8 74. Kg6 Kf8 75. Kxh6 Kf7 76. g5 {Black resigns} 1-0

[Event "Team 45 45 League T73"]
[Site "Internet Chess Club"]
[Date "2017.06.17"]
[Round "1"]
[White "Dreamshell"]
[Black "Heian"]
[Result "1/2-1/2"]
[WhiteElo "1894"]
[BlackElo "1639"]
[Opening "French: Tarrasch, Haberditz variation"]
[ECO "C03"]
[Time "13:01:33"]
[TimeControl "2700+45"]

1. d4 e6 2. e4 d5 3. Nd2 f5 4. exf5 exf5 5. Bd3 Nf6 6. Qf3 g6 7. Nh3 Bd6 8. Qe2+
Qe7 9. Qxe7+ Bxe7 10. Nf3 O-O 11. Bf4 c6 12. O-O-O Ne4 13. Ne5 Nd7 14. f3 Nd6
15. Rhe1 Nxe5 16. Rxe5 Bf6 17. Re2 Nf7 18. c3 Bd7 19. Nf2 Rfe8 20. Rde1 Rxe2 21.
Rxe2 Re8 22. Rxe8+ Bxe8 23. Bb1 Bg5 24. Bxg5 Nxg5 25. Nd3 Kg7 26. Kd2 Kf6 27.
Ke3 h6 28. Bc2 Ne6 29. g3 Nd8 30. a4 g5 31. a5 b6 32. axb6 axb6 33. b4 b5 34.
Ne5 Nf7 35. f4 g4 {Game drawn by mutual agreement} 1/2-1/2

[Event "Team 45 45 League T73"]
[Site "Internet Chess Club"]
[Date "2017.06.19"]
[Round "1"]
[White "dp15"]
[Black "ArturitoGalacti"]
[Result "1-0"]
[WhiteElo "2050"]
[BlackElo "1861"]
[Opening "Caro-Kann: classical, Spassky variation"]
[ECO "B19"]
[Time "18:00:38"]
[TimeControl "2700+45"]

1. e4 c6 2. d4 d5 3. Nc3 dxe4 4. Nxe4 Bf5 5. Ng3 Bg6 6. h4 h6 7. Nf3 Nd7 8. h5
Bh7 9. Bd3 Bxd3 10. Qxd3 Qc7 11. Bd2 e6 12. O-O-O Ngf6 13. Ne4 O-O-O 14. g3 Nc5
15. Nxc5 Bxc5 16. Bf4 Bd6 17. Bxd6 Rxd6 18. Qa3 Kb8 19. Ne5 Rhd8 20. f4 Ne4 21.
Rhe1 f5 22. Qe3 c5 23. dxc5 Rxd1+ 24. Rxd1 Rxd1+ 25. Kxd1 Nxc5 26. Qxc5 {Black
resigns} 1-0

[Event "Team 45 45 League T73"]
[Site "Internet Chess Club"]
[Date "2017.06.20"]
[Round "1"]
[White "LobowolfXXX"]
[Black "gomeschess"]
[Result "0-1"]
[WhiteElo "1864"]
[BlackElo "2062"]
[Opening "English opening"]
[ECO "A16"]
[Time "12:00:20"]
[TimeControl "2700+45"]

1. c4 Nf6 2. Nc3 g6 3. e3 Bg7 4. Nge2 O-O 5. Qc2 d6 6. Ng3 e5 7. b3 Nc6 8. a3 h5
9. h4 Be6 10. Bb2 a5 11. Be2 Nd7 12. Nce4 Bh6 13. Ng5 Bxg5 14. hxg5 Qxg5 15.
O-O-O a4 16. b4 d5 17. cxd5 Bxd5 18. Bc4 Bxc4 19. Qxc4 Nb6 20. Qe2 f5 21. Rh3
Qg4 22. d3 f4 23. f3 Qe6 24. Ne4 Nd5 25. Nc5 Qf7 26. Rdh1 fxe3 27. Rg3 Nd4 28.
Bxd4 exd4 29. Nxb7 Nf4 30. Qb2 Nxd3+ {White resigns} 0-1

[Event "Team 45 45 League T73"]
[Site "Internet Chess Club"]
[Date "2017.06.18"]
[Round "1"]
[White "soccerisfun"]
[Black "charles-allen"]
[Result "0-1"]
[WhiteElo "1935"]
[BlackElo "1867"]
[Opening "Petrov: classical attack, Chigorin variation"]
[ECO "C42"]
[Time "20:04:59"]
[TimeControl "2700+45"]

1. e4 e5 2. Nf3 Nf6 3. Nxe5 d6 4. Nf3 Nxe4 5. d4 d5 6. Bd3 Nc6 7. O-O Be7 8. Re1
Bg4 9. Bxe4 dxe4 10. Rxe4 Bxf3 11. gxf3 f5 12. Rf4 O-O 13. d5 Bg5 14. Nc3 Bxf4
15. Bxf4 Ne7 16. Qd4 Ng6 17. Be5 Qg5+ 18. Kh1 Nh4 {White resigns} 0-1

[Event "Team 45 45 League T73"]
[Site "Internet Chess Club"]
[Date "2017.06.20"]
[Round "1"]
[White "tightfist"]
[Black "pranav-nsk"]
[Result "0-1"]
[WhiteElo "1597"]
[BlackElo "1621"]
[Opening "King's Indian: 6.Be2"]
[ECO "E91"]
[Time "20:03:37"]
[TimeControl "2700+45"]

1. Nf3 Nf6 2. c4 g6 3. d4 Bg7 4. Nc3 O-O 5. e4 d6 6. Be2 c5 7. d5 Nbd7 8. O-O
Ne8 9. Qc2 Nc7 10. Bg5 a6 11. Rfd1 Rb8 12. Rab1 b5 13. b4 bxc4 14. bxc5 Rxb1 15.
Rxb1 Nxc5 16. Be3 Nd7 17. Bxc4 Ne5 18. Nxe5 Bxe5 19. Rb8 e6 20. Bb6 Qe7 21. dxe6
Bxe6 22. Rxf8+ Kxf8 23. Nd5 Nxd5 24. exd5 Bf5 25. Bd3 Bd4 26. Kf1 Bxd3+ 27. Qxd3
Bxb6 28. Qxa6 Qa7 29. Qc8+ Kg7 30. Qc3+ Bd4 31. Qc2 Qa6+ 32. Kg1 Qa5 33. Qe4 Qc3
34. g3 Qd2 35. Qf3 Qxa2 36. Kg2 Qxf2+ 37. Qxf2 Bxf2 38. Kxf2 Kf6 39. Ke3 Ke5 40.
g4 Kxd5 41. Kd3 Ke5 42. Ke3 d5 43. h3 d4+ 44. Kf3 Kd5 45. g5 Kc4 46. Ke2 Kc3 47.
Kd1 Kd3 48. h4 Ke3 49. Ke1 Kf4 50. Kd2 Kg4 51. Kd3 Kxh4 52. Kxd4 Kxg5 53. Ke5 h5
54. Ke4 h4 55. Kf3 h3 56. Kg3 f5 57. Kxh3 f4 58. Kg2 Kf5 59. Kf3 g5 60. Kf2 g4
61. Ke2 Ke4 62. Kf2 g3+ 63. Ke2 f3+ 64. Ke1 g2 65. Kf2 Kf4 66. Kg1 Ke3 67. Kh2
Kf2 {White resigns} 0-1

[Event "Team 45 45 League T73"]
[Site "Internet Chess Club"]
[Date "2017.06.19"]
[Round "1"]
[White "nitishdas"]
[Black "passedpawn"]
[Result "0-1"]
[WhiteElo "1945"]
[BlackElo "1868"]
[Opening "Catalan: closed, 5.Nf3"]
[ECO "E08"]
[Time "10:07:38"]
[TimeControl "2700+45"]

1. d4 Nf6 2. c4 e6 3. Nf3 d5 4. g3 Be7 5. Bg2 O-O 6. O-O c6 7. Qc2 Nbd7 8. Rd1
b6 9. Nc3 Bb7 10. b3 Rc8 11. Bb2 Qc7 12. Nd2 Rfd8 13. e4 dxe4 14. Ncxe4 Nxe4 15.
Nxe4 Nf6 16. d5 cxd5 17. Nxf6+ Bxf6 18. Bxf6 gxf6 19. Rd4 dxc4 20. Rg4+ Kf8 21.
Bxb7 Qxb7 22. Qxh7 Ke7 23. Rf4 Qd5 24. Re1 c3 25. Rf5 Qd4 26. Rf4 Qd3 27. Rfe4
Rc6 28. Qh6 c2 29. Kg2 Qd1 30. Rf4 Qd5+ 31. Ree4 Qg5 {White resigns} 0-1

[Event "Team 45 45 League T73"]
[Site "Internet Chess Club"]
[Date "2017.06.15"]
[Round "1"]
[White "cysk"]
[Black "Darshukarpov"]
[Result "1-0"]
[WhiteElo "1745"]
[BlackElo "1460"]
[Opening "Sicilian: closed"]
[ECO "B23"]
[Time "13:03:54"]
[TimeControl "2700+45"]

1. e4 c5 2. Nc3 g6 3. f4 Bg7 4. Nf3 Nc6 5. Bb5 Nd4 6. O-O e6 7. e5 Ne7 8. Nxd4
cxd4 9. Ne4 O-O 10. b3 a6 11. Bc4 b5 12. Bd3 Bb7 13. Nd6 Bd5 14. Bb2 Qb6 15. Qe1
Nc6 16. Qf2 f6 17. exf6 Bxf6 18. a3 Qc7 19. Ne4 Bg7 20. Qg3 Rad8 21. Rab1 e5 22.
fxe5 Bxe5 23. Qh4 Bxe4 24. Bxe4 d5 25. Rxf8+ Kxf8 26. Bd3 Kg7 27. Rf1 Rf8 28.
Rxf8 Kxf8 29. Qf2+ Kg7 30. g3 Qf7 31. Qxf7+ Kxf7 32. Kg2 Kf6 33. Kf3 h5 34. h4
Ne7 35. c3 dxc3 36. Bxc3 d4 37. Ba5 Nf5 38. Bd8+ Ke6 39. g4 hxg4+ 40. Kxg4 Nh6+
41. Kf3 Nf5 42. a4 Kd7 43. Bg5 bxa4 44. bxa4 a5 45. Kg4 Ne7 46. Bxe7 Kxe7 47.
Bxg6 Kd6 48. Kf5 Bh8 49. Bf7 Kc5 50. d3 Kb4 51. Be8 Kc3 52. Bb5 Kb4 53. Kg6 Kc5
54. h5 Kd6 55. Kf7 Ke5 56. Kg8 Bf6 57. h6 Ke6 58. h7 Ke7 59. h8=Q Bxh8 60. Kxh8
Kf8 61. Bc4 Ke7 62. Kg7 Kd7 63. Kf6 Kd6 64. Kf5 Kc6 65. Ke5 Kc5 66. Bb5 Kb4 67.
Kxd4 Kb3 68. Kc5 Kc3 69. d4 Kd2 70. d5 Ke3 71. d6 Ke4 72. d7 Ke5 73. d8=Q {Black
resigns} 1-0

[Event "Team 45 45 League T73"]
[Site "Internet Chess Club"]
[Date "2017.06.15"]
[Round "1"]
[White "ears"]
[Black "idjit"]
[Result "0-1"]
[WhiteElo "1788"]
[BlackElo "1614"]
[Opening "Bogo-Indian defense"]
[ECO "E11"]
[Time "11:00:17"]
[TimeControl "2700+45"]

1. d4 Nf6 2. c4 e6 3. Nf3 Bb4+ 4. Bd2 a5 5. Nc3 O-O 6. g3 d5 7. e3 c5 8. a3 cxd4
9. axb4 dxc3 10. Bxc3 Ne4 11. Qd4 Nxc3 12. Qxc3 axb4 13. Qc1 Rxa1 14. Qxa1 Nc6
15. Be2 dxc4 16. Bxc4 Qf6 17. Be2 Ne5 18. Nxe5 Qxe5 19. O-O Bd7 20. Bf3 Bc6 21.
Bg2 Bxg2 22. Kxg2 Qd5+ 23. Kg1 Rd8 24. Qc1 Kf8 25. Qc7 Ke8 26. Rc1 Rd7 27. Qc8+
Ke7 28. Qc5+ Qxc5 29. Rxc5 Rd2 30. Rc7+ Kf6 31. Rxb7 Rxb2 32. Kg2 b3 33. Kf3 Rb1
34. h3 b2 35. Rb6 Ke5 36. Rb5+ Kd6 37. Rb8 h5 38. h4 f6 39. Rb6+ Kc5 40. Rb8 g5
41. Rc8+ Kb4 42. Rb8+ Kc3 43. Rc8+ Kd2 44. Rd8+ Ke1 45. Rb8 g4+ 46. Kg2 Ke2 47.
Rb4 Kd3 48. Rb7 f5 49. Rd7+ Kc3 50. Rc7+ Kb4 51. Rb7+ Kc5 52. Rb8 Kd5 53. Rd8+
Kc6 54. Rb8 e5 55. Rb3 Kd5 56. Rb5+ Kc4 57. Rb8 Kc3 58. Rc8+ Kd3 59. Rd8+ Ke4
60. Rb8 f4 61. Rb4+ Kd3 62. exf4 exf4 63. gxf4 Kc3 64. Rb8 Rc1 65. Rc8+ Kb3 66.
Rb8+ Kc2 67. Rc8+ Kb1 68. Rb8 Rc3 69. f5 Kc2 {White resigns} 0-1

[Event "Team 45 45 League T73"]
[Site "Internet Chess Club"]
[Date "2017.06.15"]
[Round "1"]
[White "AVEMARIA"]
[Black "cap78red"]
[Result "1-0"]
[WhiteElo "1671"]
[BlackElo "1448"]
[Opening "Pirc: classical system, 5.Be2"]
[ECO "B08"]
[Time "17:01:29"]
[TimeControl "2700+45"]

1. e4 Nf6 2. Nc3 d6 3. d4 g6 4. Nf3 Bg7 5. Be2 O-O 6. O-O Bd7 7. Re1 e5 8. dxe5
dxe5 9. Bg5 h6 10. Be3 b5 11. Bc5 Re8 12. Bxb5 Bxb5 13. Nxb5 Nbd7 14. Ba3 Rb8
15. Nc3 g5 16. Nd2 Nb6 17. Qe2 Bf8 18. Bxf8 Kxf8 19. Rad1 Qe7 20. a3 Red8 21.
Nf1 Rxd1 22. Rxd1 Rd8 23. Ne3 Rxd1+ 24. Qxd1 Qd7 25. Qxd7 Nbxd7 26. f3 h5 27. h3
Nc5 28. b4 Ne6 29. Ne2 Ke7 30. c3 Kd6 31. Nc4+ Kc6 32. Nxe5+ Kb5 33. Kf2 Ka4 34.
Ke3 Kxa3 35. Kd3 Kb3 36. Nd4+ Nxd4 37. Kxd4 h4 38. Nxf7 Ka4 39. e5 Ne8 40. Nxg5
Kb5 41. Ne4 Kc6 42. c4 Ng7 43. b5+ Kd7 44. Kd5 Nf5 45. Nc5+ Ke7 46. Ke4 Ng3+ 47.
Ke3 Nf1+ 48. Kd3 Ng3 49. Ne4 Nf5 50. f4 Ke6 51. Ng5+ Ke7 52. Nf3 Kd7 53. Nd4 Ng7
54. Ke4 Nh5 55. f5 Ng3+ 56. Kf3 c5 57. bxc6+ Kc7 58. f6 Kd8 59. f7 {Black
resigns} 1-0

[Event "Team 45 45 League T73"]
[Site "Internet Chess Club"]
[Date "2017.06.15"]
[Round "1"]
[White "jjimalo"]
[Black "volodia80"]
[Result "1-0"]
[WhiteElo "1762"]
[BlackElo "1707"]
[Opening "King's Indian: fianchetto, Kavalek (Bronstein) variation"]
[ECO "A49"]
[Time "13:06:51"]
[TimeControl "2700+45"]

1. d4 Nf6 2. Nf3 g6 3. g3 Bg7 4. c4 d6 5. Bg2 c6 6. O-O O-O 7. Nc3 Qa5 8. e4 e5
9. h3 exd4 10. Nxd4 Qb4 11. Qd3 Na6 12. a3 Nc5 13. Qe2 Qb6 14. b4 Ncxe4 15. Nxe4
Nxe4 16. Qxe4 Bxd4 17. Ra2 Bf5 18. Qh4 Bd3 19. Rd1 Bxc4 20. Rad2 c5 21. Rxd4
cxd4 22. Bh6 d5 23. Bxf8 Rxf8 24. Rxd4 Qd8 25. Qf4 Re8 26. Qd2 Qf6 27. Bxd5 Re2
28. Qf4 Bxd5 29. Rxd5 Re1+ 30. Kg2 Qc6 31. Qd4 Re7 32. Kh2 a6 33. b5 Qe6 34. Rd6
Qe2 35. bxa6 bxa6 36. Rxa6 Qxa6 37. Qd8+ Kg7 38. Qxe7 Qf1 39. Qc5 Qa1 40. Kg2 h5
41. h4 Qa2 42. Qd4+ Kf8 43. a4 Qe6 44. a5 Qc6+ 45. Kh2 Ke7 46. Qa7+ Kd6 47. Qxf7
Kc5 48. Qb3 Qe4 49. Qb6+ Kc4 50. a6 Qf3 51. a7 Kc3 52. Qe3+ {Black resigns} 1-0

[Event "Team 45 45 League T73"]
[Site "Internet Chess Club"]
[Date "2017.06.16"]
[Round "1"]
[White "Tobiasdelmonte"]
[Black "kllrchris"]
[Result "0-1"]
[WhiteElo "1635"]
[BlackElo "1679"]
[Opening "King's Indian, 3.Nf3"]
[ECO "E60"]
[Time "23:06:32"]
[TimeControl "2700+45"]

1. d4 Nf6 2. Nf3 g6 3. c4 Bg7 4. Bf4 O-O 5. e3 d6 6. Be2 Nbd7 7. h3 c6 8. O-O a6
9. Nc3 b5 10. a3 Bb7 11. Rc1 Re8 12. Re1 e5 13. Bh2 Qe7 14. Bf1 h6 15. b4 Nh7
16. c5 d5 17. Ne4 dxe4 18. Nd2 f5 19. Nb3 g5 20. Na5 Ndf8 21. d5 cxd5 22. c6 Bc8
23. Qxd5+ Be6 24. Qd2 Rac8 25. Qc3 Ng6 26. Red1 f4 27. Nb7 Rf8 28. Nd6 Rc7 29.
a4 g4 30. axb5 axb5 31. Nxb5 Rcc8 32. Nd6 Rcd8 33. Nxe4 Rxd1 34. Rxd1 gxh3 35.
Rd6 Kh8 36. Qd2 Nh4 37. b5 hxg2 38. Be2 Rb8 39. Nc5 Rxb5 40. Rd8+ Nf8 41. Nxe6
Rb1+ 42. Qd1 Rxd1+ 43. Bxd1 Qxe6 44. Bxf4 exf4 45. Kh2 fxe3 46. f4 e2 47. c7
e1=Q 48. c8=Q Qxc8 {White resigns} 0-1

[Event "Team 45 45 League T73"]
[Site "Internet Chess Club"]
[Date "2017.06.18"]
[Round "1"]
[White "anishio"]
[Black "backrankbrawler"]
[Result "0-1"]
[WhiteElo "1580"]
[BlackElo "1701"]
[Opening "French: Rubinstein variation"]
[ECO "C03"]
[Time "22:30:33"]
[TimeControl "2700+45"]

1. e4 e6 2. d4 d5 3. Nd2 dxe4 4. Nxe4 Nd7 5. Nf3 Ngf6 6. Bd3 c5 7. c3 Be7 8. O-O
O-O 9. Re1 b6 10. Qc2 Bb7 11. Bf4 Nxe4 12. Bxe4 Bxe4 13. Qxe4 Nf6 14. Qc2 Rc8
15. Qa4 a5 16. Rad1 Qe8 17. Qb3 c4 18. Qxb6 Nd5 19. Qxa5 Nxf4 20. Ne5 Nd5 21.
Qa6 Rc7 22. a3 Qa8 23. Qxa8 Rxa8 24. g3 Rb8 25. Rd2 Bd6 26. Ng4 Rcb7 27. Ree2 h5
28. Ne3 Nxe3 29. fxe3 Rb5 30. e4 h4 31. g4 Bf4 32. Rc2 h3 33. e5 R8b6 34. Kf1 f6
35. exf6 gxf6 36. Re4 e5 37. dxe5 fxe5 38. Re3 Bxe3 {White resigns} 0-1

[Event "Team 45 45 League T73"]
[Site "Internet Chess Club"]
[Date "2017.06.16"]
[Round "1"]
[White "KnightmanAJ"]
[Black "QuieroAprender"]
[Result "0-1"]
[WhiteElo "1437"]
[BlackElo "1619"]
[Opening "Hungarian defense"]
[ECO "C50"]
[Time "19:07:01"]
[TimeControl "2700+45"]

1. e4 e5 2. Nf3 Nc6 3. Bc4 Be7 4. d3 Nf6 5. Nc3 d6 6. d4 exd4 7. Nxd4 Nxd4 8.
Qxd4 O-O 9. O-O c5 10. Qd1 a6 11. a3 b5 12. Ba2 Bb7 13. Re1 c4 14. b3 d5 15.
exd5 Nxd5 16. Nxd5 Bxd5 17. Bb2 Be6 18. bxc4 bxc4 19. Qxd8 Bxd8 20. Re4 Rb8 21.
Be5 Rc8 22. Rae1 Ba5 23. R1e3 Rfd8 24. h3 Rd1+ 25. Kh2 Rd2 26. Re2 Rxe2 27. Rxe2
Rd8 28. Re4 Rd5 29. Bxc4 Rxe5 30. Rxe5 Bc7 31. f4 Bxe5 32. Bxe6 Bxf4+ 33. g3
Bxg3+ 34. Kxg3 fxe6 35. Kf4 Kf7 36. Kg5 h6+ 37. Kf4 g5+ 38. Kg4 Kf6 39. c4 Ke5
40. Kh5 Kd4 41. Kxh6 e5 42. Kxg5 e4 43. c5 Kxc5 44. Kf4 Kd4 45. Kg3 e3 46. Kg2
Kd3 47. Kf1 Kd2 48. h4 e2+ 49. Kf2 e1=Q+ {White resigns} 0-1